[Event "Mitropa Cup Women 2019"]
[Site "Radenci"]
[Date "2019.06.03"]
[Round "8.16"]
[White "Djidjeli, Sarah"]
[Black "Spiranec, Noemi"]
[Result "0-1"]
[ECO "B42"]
[WhiteElo "2012"]
[BlackElo "2009"]
[Annotator "NA"]
[PlyCount "80"]
[EventDate "2019.05.27"]
[EventType "team-tourn"]
[EventCountry "SLO"]
[SourceTitle "playchess.com"]
[Source "ChessBase"]
[SourceQuality "1"]
[WhiteTeam "France"]
[BlackTeam "Croatia"]
[WhiteTeamCountry "FRA"]
[BlackTeamCountry "CRO"]
[TimeControl "40/5400+30:1800+30"]

1. e4 c5 2. Nf3 e6 3. d4 cxd4 4. Nxd4 a6 5. Bd3 Nf6 6. O-O e5 7. Nb3 d6 8. c4 Be7 9. Nc3 O-O 10. Qe2 Nc6 11. Rd1 Be6 12. h3 Nd7 13. Be3 Rc8 14. Nd5 Bxd5 15. cxd5 $16 Ncb8 16. Qd2 h6 17. a4 b6 18. Qe2 a5 19. Nd2 Bg5 20. Bxg5 hxg5 21. Nc4 Nc5 22. Ra3 g6 23. Rb1 Qc7 24. Ne3 Nbd7 25. Re1 Nf6 26. Ng4 Nxg4 27. Qxg4 Qe7 28. Bb5 f5 29. exf5 gxf5 30. Qh5 Rf7 31. Rg3 Rg7 32. Qd1 Rf8 33. Rc3 g4 34. hxg4 fxg4 35. Rg3 Qh4 36. Ree3 Rf6 37. Be2 Rh6 38. Rh3 gxh3 39. Bf3 hxg2 40. Bxg2 Qh1# 0-1

[Event "Mitropa Cup Women 2019"]
[Site "Radenci"]
[Date "2019.06.04"]
[Round "9.4"]
[White "Spiranec, Noemi"]
[Black "Hercog, Nusa"]
[Result "1-0"]
[ECO "D23"]
[WhiteElo "2009"]
[BlackElo "2062"]
[Annotator "NA RC"]
[PlyCount "99"]
[EventDate "2019.05.27"]
[EventType "team-tourn"]
[EventCountry "SLO"]
[SourceTitle "playchess.com"]
[Source "ChessBase"]
[SourceQuality "1"]
[WhiteTeam "Croatia"]
[BlackTeam "Slovenia"]
[WhiteTeamCountry "CRO"]
[BlackTeamCountry "SLO"]
[TimeControl "40/5400+30:1800+30"]

1. d4 d5 2. c4 c6 3. Nf3 Nf6 4. Qc2 dxc4 5. Qxc4 Bf5 6. g3 e6 7. Bg2 Nbd7 8. O-O Be7 9. e3 O-O {[%emt 0:00:40] D23: Queen's Gambit Accepted: 3 Nf3 Nf6 sidelines} 10. Qe2 h6 (10... Qa5 11. Nc3 Ne4 12. Bd2 Nxd2 13. Nxd2 Rfd8 14. Rfd1 Rac8 15. e4 Bg6 {½-½ (25) Bu,X (2725)-Shankland,S (2671) Liaocheng 2018}) 11. Nc3 Ne4 12. Rd1 Qc7 13. Ne1 Ndf6 14. f3 Nxc3 15. bxc3 e5 16. e4 {[%emt 0:02:00] [#]} Bg6 $146 ({Predecessor:} 16... Be6 17. Be3 {½-½ (63) Quinn,M (2346)-Cifuentes Parada,R (2557) Benasque 1999}) 17. Be3 Rfd8 18. Nd3 Nd7 19. f4 exd4 20. cxd4 f5 21. Bf2 Nf6 22. Ne5 Bh5 23. Qc4+ Kh7 24. Bh3 Bg4 25. Bxg4 $16 ({Better is} 25. Nxg4 $18 Nxg4 26. Rab1 (26. exf5 Nxf2 27. Kxf2 Bf6 $11)) 25... Nxg4 26. Nxg4 fxg4 27. d5 (27. Rab1 $18 {and White stays clearly on top.}) 27... Rac8 28. Rac1 Qa5 29. Qe2 cxd5 30. Rxc8 Rxc8 31. exd5 Bc5 32. Kg2 Bxf2 33. Kxf2 Qb6+ 34. Kg2 Qg6 35. Qd3 Qxd3 36. Rxd3 Kg6 37. Kf2 Kf5 38. Ke3 Rc7 39. Rd2 Re7+ 40. Kd4 Rd7 (40... Kf6 {was worth a try.} 41. d6 Re1) 41. Re2 Kf6 42. Kc5 Kf7 43. d6 Kf8 44. Kd5 Kf7 45. Rc2 Ke8 46. Rc8+ Kf7 47. Rc7 Ke8 48. Ke6 Rd8 49. d7+ Kf8 50. Rc8 1-0

[Event "Mitropa Cup Women 2019"]
[Site "Radenci"]
[Date "2019.06.04"]
[Round "9.9"]
[White "Georgescu, Lena"]
[Black "Motycakova, Monika"]
[Result "1-0"]
[ECO "C99"]
[WhiteElo "2191"]
[BlackElo "2150"]
[Annotator "RC"]
[PlyCount "125"]
[EventDate "2019.05.27"]
[EventType "team-tourn"]
[EventCountry "SLO"]
[SourceTitle "playchess.com"]
[Source "ChessBase"]
[SourceQuality "1"]
[WhiteTeam "Switzerland"]
[BlackTeam "Slovakia"]
[WhiteTeamCountry "SUI"]
[BlackTeamCountry "SVK"]
[TimeControl "40/5400+30:1800+30"]

1. e4 e5 2. Nf3 Nc6 3. Bb5 a6 4. Ba4 Nf6 5. O-O Be7 6. Re1 b5 7. Bb3 d6 8. c3 O-O 9. h3 Na5 10. Bc2 c5 11. d4 Qc7 12. Nbd2 cxd4 13. cxd4 Rd8 14. b3 Nc6 15. Bb2 Bb7 16. Rc1 Qb6 17. Nf1 d5 18. exd5 Rxd5 19. Ne3 Rdd8 20. d5 Nb4 21. Nxe5 Nbxd5 22. Nxd5 Rxd5 23. Qe2 Bb4 24. Red1 Re8 25. Rxd5 Bxd5 26. Qd3 Be4 27. Qe2 Bxc2 28. Qxc2 Bd6 29. Nf3 Bf4 30. Rd1 h6 31. Bd4 Qe6 32. Kf1 Rc8 33. Qd3 Rc1 34. Rxc1 Bxc1 35. Qc3 Bf4 36. Bxf6 Qxf6 37. Qxf6 gxf6 38. Ke2 Kf8 39. Kd3 Ke7 40. Ke4 Bc1 41. Kd5 Kd7 42. Nd4 Ba3 43. Nf5 Bf8 44. g4 Kc7 45. h4 Kd7 46. h5 Kc7 47. f4 Kd7 48. g5 fxg5 49. fxg5 hxg5 50. h6 Bxh6 51. Nxh6 f6 52. b4 Ke7 53. a3 Kd7 54. Nf5 g4 55. Kd4 Ke6 56. Ke4 Kf7 57. Kf4 Ke6 58. Ne3 g3 59. Ke4 f5+ 60. Nxf5 g2 61. Nd4+ Kd6 62. Ne2 Ke6 63. Nf4+ {[%emt 0:00:04] Kd5+} 1-0

[Event "Mitropa Cup Women 2019"]
[Site "Radenci"]
[Date "2019.06.04"]
[Round "9.11"]
[White "Hund, Sarah"]
[Black "Sankova, Stella"]
[Result "0-1"]
[ECO "B23"]
[WhiteElo "2016"]
[BlackElo "2013"]
[Annotator "NA RC"]
[PlyCount "70"]
[EventDate "2019.05.27"]
[EventType "team-tourn"]
[EventCountry "SLO"]
[SourceTitle "playchess.com"]
[Source "ChessBase"]
[SourceQuality "1"]
[WhiteTeam "Switzerland"]
[BlackTeam "Slovakia"]
[WhiteTeamCountry "SUI"]
[BlackTeamCountry "SVK"]
[TimeControl "40/5400+30:1800+30"]

1. e4 c5 2. Nc3 g6 3. Bc4 Nc6 4. d3 Bg7 5. a3 a6 (5... d6 6. h4 Nf6 7. Nge2 h5 8. Bg5 Nd4 9. Nxd4 cxd4 10. Nd5 Nxd5 11. Bxd5 {1-0 (62) Carlsen,M (2832)-Guseinov,G (2645) chess.com INT 2017}) 6. Be3 {[%emt 0:02:57] B23: Closed Sicilian: Lines without g3} d6 7. Nf3 Nf6 8. h3 $146 ({Predecessor:} 8. O-O O-O 9. Qd2 Ng4 10. h3 Nxe3 11. Qxe3 Nd4 12. Nxd4 cxd4 13. Qe2 dxc3 14. b3 {0-1 (32) Gyongyosi,P (993)-Kratky,J (1164) LSS email 2012}) 8... b5 9. Ba2 O-O 10. O-O Ne8 11. Qd2 Nc7 12. Rab1 a5 13. Ng5 b4 14. Nd5 Nb5 15. Bc4 Rb8 16. a4 Nbd4 17. c3 e6 18. cxd4 exd5 19. Bxd5 Nxd4 $11 20. Bxd4 Bxd4 21. Nf3 Qf6 22. Nh2 Bd7 23. Ng4 Bxg4 24. hxg4 Qh4 25. Qe2 Kg7 26. Qf3 Rbe8 27. g3 Qh3 28. b3 f6 29. Rbe1 Re5 30. Re2 h5 31. Qg2 Qxg4 32. Rfe1 Rh8 33. Kf1 h4 34. gxh4 Qxh4 35. f4 Qxf4+ 0-1

[Event "Mitropa Cup Women 2019"]
[Site "Radenci"]
[Date "2019.06.04"]
[Round "9.12"]
[White "Milcova, Zuzana"]
[Black "Pellicoro, Nathalie"]
[Result "0-1"]
[ECO "B22"]
[WhiteElo "2093"]
[BlackElo "1893"]
[Annotator "NA RC"]
[PlyCount "96"]
[EventDate "2019.05.27"]
[EventType "team-tourn"]
[EventCountry "SLO"]
[SourceTitle "playchess.com"]
[Source "ChessBase"]
[SourceQuality "1"]
[WhiteTeam "Slovakia"]
[BlackTeam "Switzerland"]
[WhiteTeamCountry "SVK"]
[BlackTeamCountry "SUI"]
[TimeControl "40/5400+30:1800+30"]

1. e4 c5 2. c3 d5 3. exd5 Qxd5 4. d4 Nf6 5. Nf3 e6 6. Be3 Nc6 7. Be2 {[%emt 0:02:01] B22: Sicilian: 2 c3} Ng4 (7... cxd4 8. cxd4 Bb4+ 9. Nc3 O-O 10. O-O Qa5 11. Qb3 b6 12. Rfd1 Bxc3 13. bxc3 Ba6 14. c4 Qb4 {1-0 (48) Vachier Lagrave,M (2762)-Polgar,J (2685) Dubai 2014}) 8. Bf4 cxd4 9. cxd4 Bb4+ 10. Bd2 $146 ({Predecessor:} 10. Nc3 Qa5 11. Qb3 O-O 12. h3 Nf6 13. O-O Rd8 14. Nb5 Nd5 {0-1 (30) Groz,J (2050)-Chomier,F (2020) Aurec 2002}) 10... Bxd2+ 11. Qxd2 Nf6 12. Nc3 Qd8 13. O-O O-O 14. Rad1 Ne7 15. Bd3 Ned5 16. Rfe1 $1 b6 17. Ne5 Bb7 18. Bb1 Rc8 19. Ne2 Qd6 20. a3 Rfd8 21. Qg5 Ne7 22. Ng3 Ng6 23. Nh5 Nxh5 24. Qxh5 Bxg2 25. Re3 Bb7 26. Bxg6 hxg6 27. Qe2 {[%emt 0:00:37] [#]} Qd5 $1 28. f3 $19 (28. Qf3 {only move.} f6 29. Qxd5 Rxd5 30. Nf3) 28... Rc7 29. Kf2 Rdc8 30. Rd2 b5 31. Re4 a5 32. Kg3 Qd6 33. Rf4 g5 34. Rg4 f6 35. Qxb5 fxe5 36. Rxg5 exd4+ 37. f4 Rf8 38. Rg4 Bc8 39. Rf2 d3 40. Qh5 e5 41. fxe5 Qc5 42. Rxf8+ Qxf8 43. Rh4 Bf5 44. Qh8+ Kf7 45. Qh5+ g6 46. Qg5 Ke6 47. Qe3 Qc5 48. Rd4 Qxe5+ 0-1

[Event "Mitropa Cup Women 2019"]
[Site "Radenci"]
[Date "2019.06.04"]
[Round "9.14"]
[White "Juhasz, Barbara"]
[Black "Santeramo, Alessia"]
[Result "1-0"]
[ECO "C89"]
[WhiteElo "2207"]
[BlackElo "2074"]
[Annotator "RC"]
[PlyCount "65"]
[EventDate "2019.05.27"]
[EventType "team-tourn"]
[EventCountry "SLO"]
[SourceTitle "playchess.com"]
[Source "ChessBase"]
[SourceQuality "1"]
[WhiteTeam "Hungary"]
[BlackTeam "Italy"]
[WhiteTeamCountry "HUN"]
[BlackTeamCountry "ITA"]
[TimeControl "40/5400+30:1800+30"]

1. e4 e5 2. Nf3 Nc6 3. Bb5 a6 4. Ba4 Nf6 5. O-O Be7 6. Re1 b5 7. Bb3 O-O 8. c3 d5 9. d4 Nxe4 10. dxe5 Bc5 11. Qxd5 Bxf2+ 12. Kf1 Bxe1 13. Qxe4 Be6 14. Bc2 g6 15. Qxe1 f6 16. Bh6 Re8 17. Nbd2 Bc4+ 18. Nxc4 bxc4 19. Rd1 Qc8 20. Be4 Nxe5 21. Bxa8 Nxf3 22. Bd5+ Kh8 23. Qg3 Ne5 24. Qf4 Ng4 25. Bf3 Ne3+ 26. Kg1 Nf5 27. g4 c5 28. gxf5 g5 29. Qd6 Qxf5 30. Qd7 Re1+ 31. Kf2 Re2+ 32. Kxe2 Qe5+ 33. Kf1 1-0

[Event "Mitropa Cup Women 2019"]
[Site "Radenci"]
[Date "2019.06.04"]
[Round "9.16"]
[White "Gaal, Zsoka"]
[Black "Andolfatto, Maria"]
[Result "1/2-1/2"]
[ECO "A11"]
[WhiteElo "2044"]
[BlackElo "2041"]
[Annotator "NA RC"]
[PlyCount "113"]
[EventDate "2019.05.27"]
[EventType "team-tourn"]
[EventCountry "SLO"]
[SourceTitle "playchess.com"]
[Source "ChessBase"]
[SourceQuality "1"]
[WhiteTeam "Hungary"]
[BlackTeam "Italy"]
[WhiteTeamCountry "HUN"]
[BlackTeamCountry "ITA"]
[TimeControl "40/5400+30:1800+30"]

1. Nf3 Nf6 2. g3 d5 3. Bg2 c6 4. c4 dxc4 5. O-O Nbd7 6. Qc2 Nb6 7. Na3 g6 {[%emt 0:03:24] A11: English Opening: 1...c6} 8. Nxc4 Nxc4 9. Qxc4 Bg7 10. d4 (10. d3 O-O 11. Bd2 Nd5 12. Qc1 a5 13. Bh6 Bg4 14. Bxg7 Kxg7 15. Ne5 {½-½ (40) Aronian,L (2794)-Vitiugov,N (2735) Karlsruhe/Baden-Baden 2018}) 10... Be6 11. Qc2 Bf5 $146 ({Predecessor:} 11... Bd5 12. Bf4 O-O 13. Be5 Be4 14. Qb3 Qb6 15. Nd2 Bxg2 16. Kxg2 Nd5 17. Bxg7 Kxg7 18. e3 Rfe8 {½-½ (18) Goganov,A (2563)-Sjugirov,S (2652) Taganrog 2018}) 12. Qa4 Be4 13. Bg5 O-O 14. Rac1 h6 15. Bd2 Nd5 16. Rfd1 a5 17. Be1 Qd6 18. Qc4 Rfc8 19. Qc5 Rc7 20. Ne5 Bxg2 $11 21. Kxg2 Bxe5 22. dxe5 Qxc5 23. Rxc5 Nb4 24. a3 b6 25. Rc4 Na6 26. Rdc1 Rac8 27. Bd2 c5 28. Bxh6 b5 29. R4c2 c4 30. Be3 Rc6 31. Bd4 Nc5 32. Bxc5 Rxc5 33. f4 b4 34. axb4 axb4 35. Kf3 Kf8 36. Ke3 e6 37. h4 Kg7 38. Ke4 Kh6 39. Kf3 R8c7 40. Kf2 (40. e3 $16) 40... c3 {[%emt 0:00:00] [#]} 41. bxc3 $1 Rxc3 42. Rxc3 Rxc3 43. Rxc3 bxc3 44. Ke3 Kh5 45. Kd3 Kg4 46. Kxc3 Kxg3 47. e3 Kxh4 48. Kd3 Kh3 49. Kd4 Kg2 50. Ke4 Kf2 51. Kd4 Ke1 52. Kd3 Kf1 53. Kd4 Ke1 54. Kd3 Kf1 55. Kd4 Ke2 56. Ke4 Ke1 57. Kd3 1/2-1/2